 Seeded DCSS version 0.30.1-11-g7821555f0a (webtiles) character file.

Game seed: 1004201911576861818 (custom seed)

10144 Nonny the Unseen (level 11, -13/64 (68) HPs)
             Began as a Kobold Brigand on Dec 1, 2023.
             Was an Initiate of Gozag.
             Killed by divine providence
             ... invoked by an orc priest
              (14 damage)
             ... on level 2 of the Orcish Mines.
             The game lasted 00:18:05 (9560 turns).

Nonny the Unseen (Kobold Brigand)                   Turns: 9560, Time: 00:18:06

HP:   -13/64 (68)   AC: 11    Str:  6    XL:     11   Next: 87%
MP:   0/20          EV: 21    Int: 12    God:    Gozag
Gold: 1444          SH:  0    Dex: 25    Spells: 10/10 levels left

rFire   . . .        f - +9 rapier of the Threshing Saviour {venom, rPois MP+9 Str-4 Dex+5}
rCold   . . .        (no shield)
rNeg    . . .        b - +0 robe
rPois   +            q - +1 helmet
rElec   .            i - +2 cloak
rCorr   .            (no gloves)
SInv    .            (no boots)
Will    .....        D - amulet of guardian spirit
Stlth   ++++++++     C - +4 ring of protection
HPRegen 0.30/turn    (no ring)
MPRegen 0.17/turn

%: guardian spirit
@: gold aura, drained
A: small, no large weapons, nightstalker 3
a: Renounce Religion, Potion Petition, Call Merchant, Bribe Branch


You were on level 2 of the Orcish Mines.
You worshipped Gozag.
Gozag was most pleased with you.
You visited 3 branches of the dungeon, and saw 12 of its levels.

You collected 3432 gold pieces.
You spent 1899 gold pieces at shops.
You paid 89 gold pieces to Gozag.

Inventory:

Hand Weapons
 a - a +2 dagger
 f - the +9 rapier of the Threshing Saviour (weapon) {venom, rPois MP+9 Str-4 Dex+5}
   (You bought it in a shop on level 2 of the Dungeon)

   Str:       It affects your strength (-4).
   Dex:       It affects your dexterity (+5).
   rPois:     It protects you from poison.
   MP:        It affects your magic capacity (+9).
Missiles
 d - 35 poisoned darts
 e - 3 curare-tipped darts
 g - 98 stones (quivered)
 H - a throwing net
Armour
 b - a +0 robe (worn)
 i - a +2 cloak (worn)
 q - a +1 helmet (worn)
Jewellery
 y - a ring of ice
 C - a +4 ring of protection (left hand)
 D - an amulet of guardian spirit (around neck)
 F - an amulet of magic regeneration
Wands
 c - a wand of flame (23)
 t - a wand of paralysis (13)
 v - a wand of roots (10)
 z - a wand of digging (6)
 B - a wand of polymorph (6)
 E - a wand of quicksilver (4)
Scrolls
 h - a scroll of fear
 l - 2 scrolls of blinking
 m - a scroll of summoning
 o - 3 scrolls of teleportation
 u - a scroll of identify
Potions
 j - 4 potions of curing
 k - 3 potions of might
 n - a potion of lignification
 p - 3 potions of mutation
 r - 2 potions of attraction
 w - 2 potions of cancellation
 x - a potion of berserk rage
 A - 2 potions of invisibility


   Skills:
 + Level 7.8 Fighting
 + Level 11.9 Short Blades
 - Level 2.1 Throwing
 + Level 7.4 Dodging
 - Level 17.0 Stealth
 - Level 5.0 Evocations


You had 10 spell levels left.
You didn't know any spells.
Your spell library contained the following spells:

 Spells                   Type           Power      Damage    Failure   Level
 Magic Dart               Conj           0%         1d3       32%         1
 Sting                    Tmut/Pois      0%         1d3       32%         1
 Call Imp                 Summ           0%         N/A       45%         2
 Poisonous Vapours        Pois/Air       0%         N/A       45%         2
 Scorch                   Fire           0%         2d5       45%         2
 Mephitic Cloud           Conj/Pois/Air  0%         N/A       69%         3
 Portal Projectile        Hex/Tloc       0%         N/A       69%         3
 Tukima's Dance           Hex            0%         N/A       69%         3
 Flame Wave               Conj/Fire      0%         2d4       97%         4
 Olgreb's Toxic Radiance  Pois           0%         N/A       97%         4
 Blade Hands              Tmut           0%         N/A       100%        5
 Summon Cactus Giant      Summ           0%         N/A       100%        6


Dungeon Overview and Level Annotations

Branches:
Dungeon (9/15)             Temple (1/1) D:4             Orc (2/2) D:9
    Elf (0/3) Orc:2
   Lair: D:8-11

Altars:
Ashenzari
Elyvilon
Gozag
Makhleb
Nemelex Xobeh
Sif Muna
Zin
The Shining One

Shops:
D:2 *(((!   D:5 *[   D:7 *(((?   D:8 [

Annotations:
D:3 1 runed translucent door; digging wand vault, exclusion: door, Qelan's ghost, novice DjHW


Innate Abilities, Weirdness & Mutations

You are small and have problems with some larger weapons.
You are completely attuned to the shadows.


Message History

Your orc's corpse dissolves into shadows!
The bolt of fire hits you!!
Your orc hits the orc warrior with a +0 short sword.
Your orc warrior barely misses the orc warrior.
An orc priest comes into view. It is wielding a +0 hand axe.
An orc warrior comes into view. It is wielding a +0 war axe.
The orc warrior closely misses you.
Your ogre closely misses the orc sorcerer.
The orc high priest misses you.
The orc sorcerer points at you and mumbles some strange words.
The bolt of fire hits you!! The bolt of fire hits your orc!!
Your orc dies!
Your orc's corpse dissolves into shadows!
The orc priest hits your orc knight with a +0 hand axe!
Your orc warrior hits the orc warrior from afar with a +0 glaive!
You hear a shout!
You feel much better.
The orc warrior is distracted by your dazzling golden aura.
The orc sorcerer gestures at you while chanting.
The bolt of negative energy hits your orc warrior!!
Your orc warrior is drained!
Your orc warrior dies!
Your orc warrior's corpse dissolves into shadows!
The bolt of negative energy hits your orc wizard!!!
Your orc wizard is drained!
Your orc wizard dies!
Your orc wizard's corpse dissolves into shadows!
The bolt of negative energy hits the orc warrior!
The orc warrior is drained!
The orc warrior dies!
The bolt of negative energy hits you!!!
You feel drained.
Ouch! That really hurt!
* * * LOW HITPOINT WARNING * * *
The orc high priest mumbles some strange prayers to Beogh against you.
Beogh smites you!
* * * LOW HITPOINT WARNING * * *
The orc priest mumbles some strange prayers to Beogh against you.
Beogh smites you!
You die...
Your body crumbles into a pile of gold.

#...# #. ##.### ####
##.#.###... #..
###.....#.... ...#
##.......)...#
#...####............#
....#$$#..###.#......
....o......#####.#.#.
.#.o@$$#....# ##....
#..o.o..o...# .#.
....o.oOo....
............
.....o.o.


You could see an orc high priest, 2 orc sorcerers, an orc warrior (unaware), an
orc priest, a friendly orc knight (summoned), a friendly orc warrior (summoned,
strong), a friendly ogre (summoned) and 3 friendly orcs.

Vanquished Creatures
  Gastronok (D:9)
  2 two-headed ogres
  2 orc sorcerers
  An unseen horror (D:7)
  Joseph (D:7)
  A merfolk (D:9)
  A troll (D:9)
  Grinder (D:6)
  A wyvern (D:9)
  4 steam dragons
  Edmund (D:4)
  3 water moccasins
  16 orc warriors
  A sky beast (D:6)
  2 ice beasts
  5 ogres
  A centaur (D:7)
  A phantom (D:4)
  A kobold brigand (D:9)
  2 bullfrogs (D:7)
  A scorpion (D:5)
  3 wights (D:7)
  8 killer bees
  A howler monkey (D:6)
  6 hounds
  13 orc priests
  2 gnoll boudas
  Crazy Yiuf (D:4)
  4 jellies
  2 iguanas (D:5)
  A sleepcap (D:6)
  13 orc wizards
  Robin (D:4)
  16 gnolls
  10 adders
  2 shadow imps (D:5)
  An ufetubus (D:5)
  A worm (D:2)
  A dart slug (D:3)
  50 orcs
  2 endoplasms
  5 giant cockroaches
  11 goblins
  11 hobgoblins
  18 kobolds
  5 quokkas
  8 ball pythons
  5 bats
  4 frilled lizards
  6 rats
260 creatures vanquished.

Vanquished Creatures (collateral kills)
  2 orc wizards (Orc:2)
2 creatures vanquished.

Vanquished Creatures (others)
  An orc warrior (Orc:2)
1 creature vanquished.

Grand Total: 263 creatures vanquished

Notes
Turn   | Place    | Note
-------+----------+-------------------------------------------
     0 | D:1      | Nonny the Kobold Brigand began the quest for the Orb.
     0 | D:1      | Reached XP level 1. HP: 12/12 MP: 1/1
   195 | D:1      | Reached XP level 2. HP: 17/17 MP: 2/2
   327 | D:1      | Reached skill level 6 in Stealth
  1140 | D:2      | Found Bahi's Weapon Shop.
  1144 | D:2      | Reached XP level 3. HP: 21/21 MP: 3/3
  1240 | D:4      | Found a glowing golden altar of the Shining One.
  1259 | D:4      | Found a staircase to the Ecumenical Temple.
  1265 | Temple   | Entered the Ecumenical Temple
  1271 | Temple   | Became a worshipper of Gozag Ym Sagoz the Greedy
  1331 | D:2      | Found Idyff's Distillery.
  1426 | D:2      | Found Mahigg's Weapon Emporium.
  1523 | D:2      | Found Sexeit's Antique Weapon Emporium.
  1706 | D:2      | Found Olaf's General Store.
  1792 | D:2      | Reached XP level 4. HP: 27/27 MP: 4/4
  1803 | D:2      | Reached skill level 7 in Stealth
  2164 | D:3      | Found a glowing silver altar of Zin.
  2332 | D:3      | Noticed a scorpion
  2332 | D:3      | Noticed a bullfrog
  2400 | D:3      | Identified a scroll of acquirement
  2400 | D:3      | Acquired 971 gold pieces
  2416 | D:3      | Found a runed translucent door.
  2445 | D:3      | Noticed Qelan's ghost (novice DjHW)
  2489 | D:3      | Found a shimmering blue altar of Sif Muna.
  2522 | D:3      | Reached XP level 5. HP: 31/31 MP: 5/5
  2856 | D:4      | Noticed a phantom
  2860 | D:4      | Killed a phantom
  2861 | D:4      | Reached skill level 8 in Stealth
  2881 | D:4      | Found a sparkling altar of Nemelex Xobeh.
  2918 | D:4      | Noticed Robin
  2939 | D:4      | Reached XP level 6. HP: 25/36 MP: 6/6
  2978 | D:4      | Killed Robin
  3199 | D:3      | Reached skill level 9 in Stealth
  3434 | D:2      | Bought the +9 rapier of the Threshing Saviour {venom, rPois
                  | MP+9 Str-4 Dex+5} for 820 gold pieces
  3557 | D:4      | Noticed Edmund
  3573 | D:4      | Killed Edmund
  3574 | D:4      | Reached skill level 5 in Short Blades
  3574 | D:4      | Reached XP level 7. HP: 15/41 MP: 7/7
  3767 | D:4      | Found a runed translucent door.
  3770 | D:4      | Noticed Crazy Yiuf
  3778 | D:4      | Killed Crazy Yiuf
  4004 | D:5      | Entered Level 5 of the Dungeon
  4038 | D:5      | Found Qeps's Antique Armour Emporium.
  4231 | D:5      | Noticed a water moccasin
  4235 | D:5      | Killed a water moccasin
  4236 | D:5      | Reached XP level 8. HP: 46/46 MP: 8/8
  4444 | D:5      | Reached skill level 10 in Stealth
  4497 | D:5      | Found Nenuaqas's Assorted Antiques.
  4504 | D:5      | Bought a glowing golden amulet for 115 gold pieces
  4504 | D:5      | Bought a scroll of teleportation for 69 gold pieces
  4504 | D:5      | Bought a fluorescent wand for 92 gold pieces
  4504 | D:5      | Bought an amethyst potion for 20 gold pieces
  4504 | D:5      | Bought a potion of berserk rage for 115 gold pieces
  5154 | D:6      | Found a white marble altar of Elyvilon.
  5335 | D:6      | Found a burning altar of Makhleb.
  5540 | D:6      | Reached skill level 11 in Stealth
  5540 | D:6      | Noticed Grinder
  5549 | D:6      | Paralysed by Grinder for 3 turns
  5554 | D:6      | Killed Grinder
  5555 | D:6      | Reached XP level 9. HP: 39/52 MP: 9/9
  5687 | D:6      | Reached skill level 5 in Dodging
  6181 | D:6      | Reached skill level 12 in Stealth
  6494 | D:7      | Noticed Joseph
  6498 | D:7      | Killed Joseph
  6528 | D:7      | Reached skill level 10 in Short Blades
  6531 | D:7      | Found Xuqi's Assorted Antiques.
  6540 | D:7      | Bought a scroll of identify for 52 gold pieces
  6540 | D:7      | Bought a scroll labelled HEADWAGOSY for 26 gold pieces
  6646 | D:7      | Reached skill level 13 in Stealth
  6646 | D:7      | Reached XP level 10. HP: 58/58 MP: 10/10
  6667 | D:7      | Found Vuthrec's Antique Weapon Emporium.
  6686 | D:7      | Found Reroy's Antique Weapon Shop.
  6691 | D:7      | Bought an iridescent falchion for 208 gold pieces
  6691 | D:7      | Identified the +0 falchion of Allab {heavy, *Slow rPois rF+
                  | rCorr} (You bought it in a shop on level 7 of the Dungeon)
  6793 | D:7      | Reached skill level 5 in Fighting
  6831 | D:7      | Found Bepposic's Weapon Boutique.
  7038 | D:7      | Found Buelaogo's Magic Scroll Shoppe.
  7044 | D:7      | Bought a scroll of summoning for 142 gold pieces
  7151 | D:7      | Killed an unseen horror
  7152 | D:7      | Reached skill level 14 in Stealth
  7296 | D:8      | Found Uzetuo's Antique Armour Shoppe.
  7299 | D:8      | Bought a glowing cloak for 240 gold pieces
  7432 | D:9      | Noticed a two-headed ogre
  7436 | D:9      | Killed a two-headed ogre
  7497 | D:9      | Reached skill level 15 in Stealth
  7703 | D:9      | Reached skill level 1 in Evocations
  7732 | D:9      | Noticed Gastronok
  7774 | D:9      | Killed Gastronok
  7775 | D:9      | Reached skill level 16 in Stealth
  7775 | D:9      | Reached XP level 11. HP: 59/64 MP: 11/11
  8320 | D:9      | Found a staircase to the Orcish Mines.
  8333 | Orc:1    | Entered Level 1 of the Orcish Mines
  8351 | Orc:1    | Noticed an orc sorcerer
  8355 | Orc:1    | Killed an orc sorcerer
  8606 | Orc:2    | Entered Level 2 of the Orcish Mines
  8613 | Orc:2    | Found a staircase to the Elven Halls.
  8653 | Orc:2    | Noticed an orc sorcerer
  8659 | Orc:2    | Killed an orc sorcerer
  8660 | Orc:2    | Reached skill level 17 in Stealth
  8699 | Orc:2    | Noticed a two-headed ogre
  8702 | Orc:2    | Killed a two-headed ogre
  8750 | Orc:2    | Reached skill level 5 in Evocations
  9279 | Orc:2    | Noticed an orc sorcerer
  9551 | Orc:2    | Noticed an orc sorcerer
  9552 | Orc:2    | Noticed an orc high priest
  9560 | Orc:2    | HP: 1/64 [orc high priest/divine providence (7)]
  9560 | Orc:2    | Killed from afar by an orc priest

Illustrated notes

Levels and vault maps discovered:
D:1:      sevenhm_arrival_forest_fort_small_4, layout_basic
D:2:      layout_loops_corners, serial_shops, shop, shop, nicolae_shop_trees,
          shop, nicolae_shop_getting_attention, minmay_close_crescents
D:3:      layout_rooms, mainiacjoe_overflow_swirl, ebering_ghost_sewer_d,
          lightli_corner_chamber
D:4:      layout_basic, nicolae_overflow_crystal_walls,
          nicolae_overflow_hidden_temple, nemelex_xobeh_ov_fountains_minmay,
          minmay_temple_entry_junction_2, uniq_robin, uniq_edmund,
          uniq_crazy_yiuf_cottage
D:5:      layout_basic, serial_shops, nicolae_shop_trees, shop
D:6:      layout_cave_pods, lightli_temple_of_fire,
          mainiacjoe_overflow_brackets, uniq_grinder
D:7:      layout_loops_ring, serial_shops, nicolae_square_shop, shop, shop,
          shop, shop, uniq_joseph
D:8:      layout_loops_ring, kennysheep_mini_moat, xom_shifter_show,
          serial_shops, nicolae_stop_n_shop_2, grunt_ministairs_7
D:9:      layout_roguey, david_orc_4, minivault_1, hangedman_fish_farm,
          uniq_gastronok
Temple:   nicolae_temple_bog_church
Orc:1:    layout_diamond_mine
Orc:2:    st_orc_mages, layout_caves

Skill      XL: |  1  2  3  4  5  6  7  8  9 10 11 |
---------------+----------------------------------+-----
Stealth        | 6 7 8 9 11 13 16 17 | 17.0
Short Blades   | 3 5 6 8 10 11 | 11.9
Dodging        | 2 3 4 5 6 7 |  7.4
Fighting       | 3 4 6 7 |  7.8
Evocations     | 3 5 |  5.0
Throwing       | |  2.1

Action                     |  1- 3 |  4- 6 |  7- 9 | 10-12 || total
---------------------------+-------+-------+-------+-------++-------
  Melee: Dagger            |    65 |   159 |       |       ||   224
         Rapier            |       |    14 |   123 |   272 ||   409
         Punch             |       |     1 |     1 |     1 ||     3
  Throw: Throwing net      |       |       |     1 |       ||     1
         Dart              |       |       |     3 |       ||     3
         Stone             |       |       |       |     1 ||     1
    Use: Scroll            |     5 |     6 |     5 |     6 ||    22
         Potion            |       |     5 |     1 |     2 ||     8
   Stab: Sleeping          |    26 |    22 |    26 |    32 ||   106
         Invisible         |       |     1 |       |       ||     1
         Distracted        |       |     1 |     4 |     6 ||    11
 Armour: Robe              |    11 |    21 |    15 |    25 ||    72
         Skin              |       |       |     1 |     2 ||     3
  Dodge: Dodged            |    20 |   111 |    97 |   124 ||   352
